[Event "Titled Tuesday Blitz July 18 Early 2023"]
[White "Tica, Sven"]
[Black "Ibarra Jerez, Jose Carlos"]
[WhiteFideId "14526948"]
[BlackFideId "2226332"]
[WhiteElo "2753"]
[BlackElo "2940"]
[Result "0-1"]
[Round "11"]
[TimeControl "180+2"]
[Date "2023.07.18"]
[WhiteClock "0:00:10"]
[BlackClock "0:00:29"]
[Board "11"]

1. Nf3 d6 2. g3 Nf6 3. Bg2 g6 4. O-O Bg7 5. d4 O-O 6. b3 b5 7. Nfd2 c6 8. Bb2 Bb7 9. c4 Qb6 10. e3 Nbd7 11. Nc3 a5 12. Qc2 Rfc8 13. Rac1 h5 14. h3 Rab8 15. Rfd1 Ba6 16. Kh2 bxc4 17. Nxc4 Bxc4 18. Na4 Bxb3 19. axb3 Qxb3 20. Qxb3 Rxb3 21. Rxc6 Rxc6 22. Bxc6 Nb6 23. Rd2 Nc4 24. Rc2 d5 25. Bxd5 Nxd5 26. Rxc4 Nb6 27. Nxb6 Rxb2 28. Rc8+ Kh7 29. Nc4 Rxf2+ 30. Kg1 Rc2 31. Rc5 a4 32. g4 hxg4 33. hxg4 e5 34. Na3 Ra2 35. Nb5 exd4 36. exd4 a3 37. d5 Rb2 0-1


[Site "https://www.chess.com"]

[Event "Titled Tuesday Blitz July 18 Early 2023"]
[White "Karttunen, Mika"]
[Black "Jones, Gawain C B"]
[WhiteFideId "502081"]
[BlackFideId "409561"]
[WhiteElo "2652"]
[BlackElo "2926"]
[Result "0-1"]
[Round "11"]
[TimeControl "180+2"]
[Date "2023.07.18"]
[WhiteClock "0:00:11"]
[BlackClock "0:00:26"]
[Board "12"]

1. c4 Nf6 2. Nc3 g6 3. g3 Bg7 4. Bg2 c5 5. Nf3 O-O 6. O-O Nc6 7. d4 d6 8. d5 Na5 9. Nd2 e6 10. Rb1 exd5 11. cxd5 Re8 12. e4 Bg4 13. Qc2 b5 14. h3 Bd7 15. b4 cxb4 16. Rxb4 Rc8 17. Bb2 Nb7 18. a4 a5 19. Rxb5 Bxb5 20. axb5 Nc5 21. Ra1 h5 22. Nc4 Nfxe4 23. Nxa5 Nxc3 24. Bxc3 Nb3 25. Qxb3 Bxc3 26. Nc6 Rxc6 27. dxc6 Bxa1 28. b6 Bd4 29. c7 Qf6 30. Qc2 Bxb6 31. c8=Q Qxf2+ 32. Qxf2 Bxf2+ 33. Kxf2 Rxc8 34. Bd5 Rc5 35. Be4 Kg7 36. g4 hxg4 37. hxg4 Kf6 0-1


[Site "https://www.chess.com"]

[Event "Titled Tuesday Blitz July 18 Early 2023"]
[White "Skvortsov, Andrei"]
[Black "Sarana, Alexey"]
[WhiteFideId "24108600"]
[BlackFideId "24133795"]
[WhiteElo "2766"]
[BlackElo "3029"]
[Result "1-0"]
[Round "11"]
[TimeControl "180+2"]
[Date "2023.07.18"]
[WhiteClock "0:01:36"]
[BlackClock "0:01:13"]
[Board "13"]

1. e4 e5 2. d4 exd4 3. Qxd4 Nc6 4. Qd3 Nf6 5. Nc3 Bb4 6. Bd2 d6 7. O-O-O Ng4 8. Qg3 h5 9. h4 Be6 10. f3 Nf6 11. Qxg7 Rg8 12. Qh6 Rg6 13. Qf4 Nd7 14. Nh3 Qe7 15. Nd5 Bxd2+ 16. Qxd2 Qd8 17. Nhf4 Rg8 18. Nxh5 Rh8 19. g4 Nce5 20. Be2 c6 21. Ndf4 Bxa2 22. Qxd6 Qe7 23. Ng7+ Kf8 24. Qxe7+ Kxe7 25. Nf5+ Kf8 26. b3 a5 27. Kb2 Bxb3 28. cxb3 a4 29. Ra1 b5 30. Rhd1 Nc5 31. bxa4 Nxa4+ 32. Kc2 Rh7 33. h5 f6 34. Rd6 Rb7 35. Rxf6+ Kg8 36. Re6 b4 37. Rxe5 b3+ 38. Kd2 b2 39. Bc4+ Kh8 40. Rb1 Nb6 41. Bb3 Nd7 42. Ng6+ Kh7 43. Re7# 1-0


[Site "https://www.chess.com"]

[Event "Titled Tuesday Blitz July 18 Early 2023"]
[White "Atakhan, Abtin"]
[Black "Bortnyk, Olexandr"]
[WhiteFideId "22502203"]
[BlackFideId "14120828"]
[WhiteElo "2749"]
[BlackElo "3018"]
[Result "0-1"]
[Round "11"]
[TimeControl "180+2"]
[Date "2023.07.18"]
[WhiteClock "0:00:00"]
[BlackClock "0:00:30"]
[Board "14"]

1. d4 d6 2. Nf3 Nf6 3. c4 g6 4. Nc3 Bf5 5. g3 Bg7 6. Qb3 Qc8 7. Bg2 Nc6 8. d5 Nd8 9. Qd1 Bh3 10. O-O h5 11. Bxh3 Qxh3 12. Ng5 Qg4 13. e4 Qxd1 14. Rxd1 c6 15. Nf3 cxd5 16. exd5 Rc8 17. Nd2 h4 18. Re1 hxg3 19. hxg3 a6 20. Rb1 Ng4 21. Nce4 Kf8 22. b4 f5 23. Ng5 Bd4 24. Re2 Rh2 25. Ndf3 Bxf2+ 26. Kf1 Rh1+ 27. Kg2 Rd1 28. Nh3 Rxc4 29. Bh6+ Nxh6 30. Rxd1 Bb6 31. Rde1 Ng8 32. Nh4 Kf7 33. a3 Bd4 34. Ng5+ Kg7 35. Ne6+ Nxe6 36. Rxe6 Bf6 37. Nf3 g5 38. R6e2 g4 39. Nd2 Rd4 40. Nf1 Rxd5 41. Rc2 Nh6 42. Rc7 b6 43. Rb7 Rd3 44. Ne3 b5 45. Nc2 Rd2+ 0-1


[Site "https://www.chess.com"]

[Event "Titled Tuesday Blitz July 18 Early 2023"]
[White "Anton Guijarro, David"]
[Black "Leiva, Gianmarco"]
[WhiteFideId "2285525"]
[BlackFideId "3804399"]
[WhiteElo "2914"]
[BlackElo "2749"]
[Result "1-0"]
[Round "11"]
[TimeControl "180+2"]
[Date "2023.07.18"]
[WhiteClock "0:01:05"]
[BlackClock "0:00:00"]
[Board "15"]

1. Nf3 Nf6 2. b3 d5 3. Bb2 Bg4 4. g3 Nbd7 5. Bg2 c6 6. O-O e6 7. h3 Bxf3 8. Bxf3 g6 9. c4 Bg7 10. Qc2 O-O 11. Rd1 Re8 12. d4 h5 13. Nd2 h4 14. g4 Qe7 15. Bg2 e5 16. dxe5 Nxe5 17. e3 Rad8 18. Rac1 Qe6 19. Bxe5 Qxe5 20. Nf3 Qe7 21. Nxh4 Ne4 22. Nf3 Bh6 23. Re1 f5 24. cxd5 Rxd5 25. gxf5 gxf5 26. Nd4 Kh8 27. Kf1 Re5 28. Bxe4 fxe4 29. Ke2 Qh4 30. Rg1 Rf8 31. Rcf1 Qh5+ 32. Ke1 Qxh3 33. Rh1 1-0


[Site "https://www.chess.com"]

[Event "Titled Tuesday Blitz July 18 Early 2023"]
[White "Zhigalko, Sergei"]
[Black "Amilal Munkhdalai"]
[WhiteFideId "13502956"]
[BlackFideId "4903250"]
[WhiteElo "2884"]
[BlackElo "2733"]
[Result "1-0"]
[Round "11"]
[TimeControl "180+2"]
[Date "2023.07.18"]
[WhiteClock "0:00:03"]
[BlackClock "0:00:00"]
[Board "16"]

1. e4 c5 2. Nf3 Nc6 3. c3 d5 4. exd5 Qxd5 5. d4 Bg4 6. dxc5 Qxc5 7. Na3 Rd8 8. Qb3 Qd5 9. Bc4 Qe4+ 10. Be3 e6 11. Qxb7 Bxa3 12. Ng5 Qg6 13. Qxc6+ Kf8 14. bxa3 Ne7 15. Qc7 Rc8 16. Qd7 h6 17. Bc5 Re8 18. Bb5 Rb8 19. Qxe7+ Kg8 20. Qd6 Rc8 21. Ba6 Re8 22. Nf3 Qe4+ 23. Be2 Rc8 24. Bd4 f6 25. h3 Bf5 26. Rd1 Kh7 27. Qg3 Rb8 28. Nh4 Rb2 29. Be3 Qc2 30. Bd2 Qe4 31. Qf3 Qc2 32. Nxf5 exf5 33. O-O Rd8 34. Be3 1-0


[Site "https://www.chess.com"]

[Event "Titled Tuesday Blitz July 18 Early 2023"]
[White "Bacrot, Etienne"]
[Black "Rychagov, Andrey"]
[WhiteFideId "605506"]
[BlackFideId "4119932"]
[WhiteElo "2855"]
[BlackElo "2720"]
[Result "1-0"]
[Round "11"]
[TimeControl "180+2"]
[Date "2023.07.18"]
[WhiteClock "0:00:07"]
[BlackClock "0:00:00"]
[Board "17"]

1. e4 e6 2. d4 d5 3. Nc3 Bb4 4. exd5 exd5 5. Bd3 Ne7 6. Ne2 Bf5 7. O-O O-O 8. Bg5 f6 9. Bh4 c6 10. Nf4 Qd7 11. Bg3 Bxc3 12. bxc3 Bxd3 13. Qxd3 Qf5 14. Rfe1 Qxd3 15. Nxd3 Nf5 16. Nc5 b6 17. Ne6 Rc8 18. c4 Nd7 19. c5 Kf7 20. Rab1 Re8 21. Nc7 Rxe1+ 22. Rxe1 Rc8 23. Bd6 bxc5 24. dxc5 Nxc5 25. Bxc5 Rxc7 26. g4 Nh4 27. Re3 Rb7 28. Kf1 Rb2 29. Re7+ Kg6 30. Rxa7 Rxc2 31. Bf8 Kg5 32. Bxg7 Kxg4 33. Bxf6 Nf3 34. Rxh7 d4 35. Kg2 d3 36. Rd7 d2 37. Bg7 Rc1 38. h3+ Kf4 39. Bh6+ Ke4 40. Re7+ Kd5 41. Bxd2 Nxd2 42. Rd7+ Ke4 43. Rxd2 c5 44. Re2+ Kd3 45. Re3+ Kd2 46. h4 c4 47. h5 c3 48. Re8 c2 49. Rd8+ Ke2 50. Rc8 Kd2 51. h6 Rb1 52. Rd8+ Ke2 53. Re8+ Kd1 54. Rd8+ Ke2 55. Rc8 c1=Q 56. Rxc1 Rxc1 57. a4 Rc6 58. Kg3 1-0


[Site "https://www.chess.com"]

[Event "Titled Tuesday Blitz July 18 Early 2023"]
[White "Koshulyan, Egor A."]
[Black "KhalilMousavi98"]
[WhiteFideId "24237000"]
[WhiteElo "2700"]
[BlackElo "2824"]
[Result "1-0"]
[Round "11"]
[TimeControl "180+2"]
[Date "2023.07.18"]
[WhiteClock "0:00:11"]
[BlackClock "0:00:04"]
[Board "18"]

1. e4 c5 2. Nf3 d6 3. d4 cxd4 4. Qxd4 Nf6 5. Nc3 Nc6 6. Bb5 Bd7 7. Bxc6 Bxc6 8. Bg5 e6 9. O-O-O Be7 10. Qd3 Qa5 11. Kb1 h6 12. Bc1 Nd7 13. Nd4 Nc5 14. Qe2 Bf6 15. f4 O-O 16. e5 dxe5 17. fxe5 Be7 18. Rhf1 Rad8 19. Qg4 Kh7 20. Nxc6 bxc6 21. Rxd8 Qxd8 22. Ne4 Qd5 23. Nf6+ Bxf6 24. exf6 g6 25. Rf3 Qe4 26. Rf4 Qd5 27. Qh3 g5 28. Rf1 Ne4 29. Qh5 Qd4 30. Qf3 Rb8 31. Ka1 Rb5 32. Qh5 Rb7 33. Rd1 Qxf6 34. h4 Qg6 35. Qf3 g4 36. Qa3 Qf6 37. Qf8 Qe7 38. Qxh6+ Kg8 39. Qf4 f5 40. Qe5 Rd7 41. Rf1 Rd5 42. Qb8+ Rd8 43. Qf4 Qf6 44. Qxe4 fxe4 45. Rxf6 Rd1 46. Kb1 e3 47. Rxe6 Rg1 48. Rxe3 Rxg2 49. Re5 Kf7 50. Rg5 Kf6 51. b3 g3 52. Bf4 Rg1+ 53. Kb2 g2 54. Be3 Re1 55. Bd4+ Ke6 56. Rxg2 Kd5 57. Bc3 Rd1 58. Rd2+ 1-0


[Site "https://www.chess.com"]

[Event "Titled Tuesday Blitz July 18 Early 2023"]
[White "Oro, Faustino"]
[Black "Schnaider, Ilan"]
[WhiteFideId "20000197"]
[BlackFideId "169013"]
[WhiteElo "2786"]
[BlackElo "2664"]
[Result "1-0"]
[Round "11"]
[TimeControl "180+2"]
[Date "2023.07.18"]
[WhiteClock "0:01:01"]
[BlackClock "0:00:04"]
[Board "19"]

1. d4 d5 2. c4 c6 3. Nc3 Nf6 4. Nf3 e6 5. Bg5 h6 6. Bh4 dxc4 7. e4 g5 8. Bg3 b5 9. Qc2 Bg7 10. Be2 Bb7 11. O-O Nbd7 12. e5 Nd5 13. Ne4 Bf8 14. b3 cxb3 15. axb3 Qb6 16. Rfd1 Be7 17. h4 g4 18. Ne1 h5 19. Nd3 a5 20. Ndc5 Nxc5 21. dxc5 Qc7 22. Nd6+ Bxd6 23. exd6 Qd8 24. Qb2 f6 25. Bd3 Kd7 26. Rac1 a4 27. bxa4 Rxa4 28. Bc2 Ra7 29. Bb3 Re8 30. Re1 Kc8 31. Bxd5 exd5 32. Rxe8 Qxe8 33. Qxf6 Ba6 34. Be5 Rd7 35. Re1 Kb7 36. Bc3 Qc8 37. Re7 Ka8 38. Qf7 Rd8 39. Ra7+ Kb8 40. Qc7+ Qxc7 41. dxc7+ Kc8 42. cxd8=Q+ 1-0


[Site "https://www.chess.com"]

[Event "Titled Tuesday Blitz July 18 Early 2023"]
[White "Wagner, Dennis"]
[Black "Florescu, Codrut-Constantin"]
[WhiteFideId "24650684"]
[BlackFideId "1202200"]
[WhiteElo "2778"]
[BlackElo "2648"]
[Result "1-0"]
[Round "11"]
[TimeControl "180+2"]
[Date "2023.07.18"]
[WhiteClock "0:00:09"]
[BlackClock "0:00:12"]
[Board "20"]

1. d4 Nf6 2. Nf3 e6 3. c4 b6 4. g3 Ba6 5. b3 Bb7 6. Bg2 Bb4+ 7. Bd2 a5 8. O-O O-O 9. Bc3 d5 10. Qc2 Nbd7 11. a3 Bd6 12. cxd5 exd5 13. Bb2 Qe7 14. Nc3 c6 15. Nh4 g6 16. Rfe1 c5 17. Nb5 Bb8 18. a4 Ba6 19. e4 Bxb5 20. exd5 Qd6 21. axb5 Bc7 22. dxc5 bxc5 23. Rad1 Rfe8 24. Rxe8+ Rxe8 25. Nf3 Ne4 26. Nd2 Nxd2 27. Qxd2 Bd8 28. Bh3 Ne5 29. Kh1 f5 30. f4 Nf3 31. Qc3 Nd4 32. Bg2 Bb6 33. h3 Re2 34. Re1 Rc2 35. Qe3 Rxb2 36. Qe8+ Qf8 37. Qd7 Re2 38. Rxe2 Nxe2 39. Qe6+ Kg7 40. Qxb6 c4 41. bxc4 Nxg3+ 42. Kh2 Ne2 43. Qc7+ Kh6 44. Qe5 Nc1 45. b6 Qb4 46. d6 Nd3 47. Qf6 Qxc4 48. Qf8+ Kh5 49. Bf3+ Kh4 50. Qh6# 1-0


[Site "https://www.chess.com"]

[Event "Titled Tuesday Blitz July 18 Early 2023"]
[White "Zavgorodniy, Sergiy"]
[Black "Dzhumagaliev, Yan"]
[WhiteFideId "14110148"]
[BlackFideId "24100110"]
[WhiteElo "2604"]
[BlackElo "2771"]
[Result "1-0"]
[Round "11"]
[TimeControl "180+2"]
[Date "2023.07.18"]
[WhiteClock "0:00:07"]
[BlackClock "0:00:00"]
[Board "21"]

1. e4 h5 2. d4 h4 3. h3 c6 4. c4 d6 5. Nc3 e5 6. Be3 Nd7 7. Qd2 Be7 8. O-O-O Qc7 9. f4 Ngf6 10. Nf3 Nh5 11. fxe5 dxe5 12. d5 Bb4 13. Bd3 Ng3 14. Rhe1 Qa5 15. Kb1 Bxc3 16. Qxc3 Qxc3 17. bxc3 f6 18. c5 Nf8 19. Bc2 Bd7 20. Nd2 Ng6 21. Nc4 Ke7 22. Rd2 Rab8 23. Red1 Rhd8 24. Ka1 Be8 25. Na5 Nf4 26. Bxf4 exf4 27. d6+ Kd7 28. e5 fxe5 29. Re1 Ke6 30. Nc4 Kf6 31. Nxe5 Bd7 32. Nxd7+ Rxd7 33. Bb3 b6 34. Re6+ Kf5 35. Rd1 bxc5 36. Rde1 f3 37. gxf3 Rbd8 38. Re7 Rxd6 39. Rxg7 Kf4 40. Rg4+ Kxf3 41. Rxh4 Kf2 42. Rc1 Ne2 43. Rc2 Ke3 44. Rc4 Rd5 45. Kb2 Nf4 46. h4 Nd3+ 47. Ka3 R5d7 48. Rh2 Rb7 49. Rh3+ Kd2 50. Rh2+ Ke3 51. h5 Rh8 52. h6 Rbh7 53. Rh3+ Kd2 54. Rh2+ Ke3 55. Rh3+ Kd2 56. Rch4 Ne5 57. Rh2+ Kxc3 58. R2h3+ Nd3 59. Bc4 Rd8 60. Bxd3 Rxd3 61. Rxd3+ Kxd3 62. Rh3+ Kd4 63. Rh4+ Kd3 64. Rh3+ Kc4 65. Kb2 Kd4 66. Kc2 c4 67. Rh4+ Kd5 68. Kc3 a6 69. Rh5+ Kd6 70. Kxc4 a5 71. a3 a4 72. Kb4 c5+ 73. Kxa4 Kc6 74. Kb3 Kb5 75. Kc3 Kc6 76. Kc4 Kd6 77. a4 Kc6 78. Rxc5+ Kb6 79. Rh5 Ka6 80. Kd4 Kb6 81. Ke4 Kc6 82. Kf5 Ra7 83. h7 Ra5+ 84. Kg6 Rxa4 85. h8=Q Ra8 86. Qxa8+ 1-0


[Site "https://www.chess.com"]

[Event "Titled Tuesday Blitz July 18 Early 2023"]
[White "Krzyzanowski, Marcin"]
[Black "Mamedov, Edgar"]
[WhiteFideId "1132199"]
[BlackFideId "13739980"]
[WhiteElo "2768"]
[BlackElo "2601"]
[Result "1-0"]
[Round "11"]
[TimeControl "180+2"]
[Date "2023.07.18"]
[WhiteClock "0:00:08"]
[BlackClock "0:00:00"]
[Board "22"]

1. e4 c5 2. Nf3 Nc6 3. d4 cxd4 4. Nxd4 Nf6 5. Nc3 e5 6. Ndb5 d6 7. Nd5 Nxd5 8. exd5 Nb8 9. a4 Be7 10. Be2 O-O 11. O-O a6 12. Na3 Nd7 13. Nc4 b6 14. a5 b5 15. Ne3 f5 16. c4 f4 17. Nc2 bxc4 18. Nb4 Bf6 19. Ra3 e4 20. Nc6 Qe8 21. f3 e3 22. Bxc4 Ne5 23. Nxe5 Qxe5 24. b4 Bd7 25. Rb3 Rfc8 26. Bb2 Qg5 27. Qe2 Bxb2 28. Rxb2 Qe5 29. Rfb1 Bf5 30. Rc1 Bd3 31. Qxd3 Qxb2 32. Rb1 Qe5 33. Bxa6 Rc3 34. Qe2 Qxd5 35. Rd1 Qb3 36. Bb7 Rb8 37. Bd5+ Qxd5 38. Rxd5 Rc1+ 39. Rd1 Rbc8 40. a6 R1c2 41. Qd3 g6 42. a7 Kg7 43. Qd4+ Kh6 44. Qxf4+ g5 45. Qxe3 1-0


[Site "https://www.chess.com"]

[Event "Titled Tuesday Blitz July 18 Early 2023"]
[White "Shimanov, Aleksandr"]
[Black "Sahib Singh"]
[WhiteFideId "4198603"]
[BlackFideId "25618342"]
[WhiteElo "2972"]
[BlackElo "2666"]
[Result "1-0"]
[Round "11"]
[TimeControl "180+2"]
[Date "2023.07.18"]
[WhiteClock "0:00:55"]
[BlackClock "0:00:53"]
[Board "24"]

1. e4 e6 2. d4 d5 3. Nc3 Bb4 4. e5 Ne7 5. Bd2 O-O 6. a3 Bxc3 7. Bxc3 b6 8. h4 c5 9. Nf3 Nbc6 10. h5 cxd4 11. Bxd4 Nf5 12. c3 f6 13. exf6 gxf6 14. Qd2 e5 15. Be3 Be6 16. Rd1 Na5 17. b4 Nc4 18. Bxc4 dxc4 19. Qc2 Qc7 20. h6 Rad8 21. O-O Nxe3 22. fxe3 Rd3 23. Qf2 Rxc3 24. Ng5 Bg4 25. Ne4 Bxd1 26. Nxc3 Bh5 27. Nd5 Qb7 28. Nxf6+ Kh8 29. Qg3 Be2 30. Qxe5 Bxf1 31. Nd7+ 1-0


[Site "https://www.chess.com"]

[Event "Titled Tuesday Blitz July 18 Early 2023"]
[White "Fridman, Daniel"]
[Black "Mendez Fortes, Eduardo Jesus"]
[WhiteFideId "11600454"]
[BlackFideId "3502376"]
[WhiteElo "2863"]
[BlackElo "2645"]
[Result "1-0"]
[Round "11"]
[TimeControl "180+2"]
[Date "2023.07.18"]
[WhiteClock "0:00:11"]
[BlackClock "0:00:31"]
[Board "25"]

1. d4 Nf6 2. Nf3 d5 3. c4 e6 4. g3 dxc4 5. Bg2 a6 6. Ne5 Nd5 7. Nxc4 c5 8. dxc5 Bxc5 9. O-O O-O 10. Nc3 Nxc3 11. bxc3 Qe7 12. Bf4 Nc6 13. Bd6 Bxd6 14. Qxd6 Qf6 15. Bxc6 bxc6 16. Nb6 Ra7 17. Qxc6 Bb7 18. Qc5 Ba8 19. Nd5 Bxd5 20. Qxa7 Qxc3 21. Qxa6 h5 22. Rfc1 Qd4 23. Qd3 Qe5 24. a4 Ba8 25. a5 h4 26. gxh4 Qf4 27. Rc4 Qe5 28. Qc3 Qf5 29. f3 e5 30. a6 e4 31. Ra5 Qd7 32. Qd4 Qe7 33. Rg5 f6 34. Rgc5 exf3 35. exf3 Qe1+ 36. Kg2 Qe2+ 37. Qf2 Qe6 38. a7 Rd8 39. Rc7 Bd5 40. Rd4 Ra8 41. Rb4 Kh7 42. Qc2+ Kh6 43. h5 Kxh5 44. Qh7+ Kg5 45. Rxg7# 1-0


[Site "https://www.chess.com"]

[Event "Titled Tuesday Blitz July 18 Early 2023"]
[White "Baskakov, Egor"]
[Black "Belov, Alexei"]
[WhiteFideId "24197866"]
[BlackFideId "4128206"]
[WhiteElo "2856"]
[BlackElo "2636"]
[Result "1-0"]
[Round "11"]
[TimeControl "180+2"]
[Date "2023.07.18"]
[WhiteClock "0:00:36"]
[BlackClock "0:00:00"]
[Board "26"]

1. e4 e6 2. Nc3 d5 3. g3 Nf6 4. Bg2 c5 5. Nge2 d4 6. Nb1 Nc6 7. d3 e5 8. h3 g6 9. O-O Bg7 10. Nd2 O-O 11. f4 exf4 12. Nxf4 Ne5 13. Nf3 Nfd7 14. Bd2 Nxf3+ 15. Qxf3 Ne5 16. Qf2 Be6 17. Nd5 f5 18. Qe2 fxe4 19. Qxe4 Bf5 20. Qe2 Qd7 21. g4 Be6 22. Qe4 Rae8 23. Bg5 b6 24. Nf6+ Bxf6 25. Bxf6 Nf7 26. Rae1 Nd6 27. Qc6 Bxg4 28. Rxe8 Nxe8 29. Bd5+ Rf7 30. Qxd7 Bxd7 31. Bxd4 Bf5 32. Be5 1-0


[Site "https://www.chess.com"]

[Event "Titled Tuesday Blitz July 18 Early 2023"]
[White "Tregubov, Pavel V."]
[Black "Ter-Sahakyan, Samvel"]
[WhiteFideId "4115341"]
[BlackFideId "13302531"]
[WhiteElo "2632"]
[BlackElo "2842"]
[Result "0-1"]
[Round "11"]
[TimeControl "180+2"]
[Date "2023.07.18"]
[WhiteClock "0:00:17"]
[BlackClock "0:01:12"]
[Board "27"]

1. e4 c5 2. Nf3 e6 3. c3 d5 4. e5 d4 5. d3 Ne7 6. g3 b6 7. Bg2 Bb7 8. O-O Nf5 9. cxd4 Nxd4 10. Nxd4 Bxg2 11. Qa4+ Bc6 12. Nxc6 Qd7 13. Nc3 Nxc6 14. Re1 Be7 15. Qg4 Nd4 16. Qxg7 O-O-O 17. Rd1 h5 18. Qxf7 Rdf8 19. Qg6 Nf5 20. Ne4 Rfg8 21. Qf7 Rg7 22. Nf6 Qc6 23. Qxh5 Rxh5 24. Nxh5 Qf3 0-1


[Site "https://www.chess.com"]

[Event "Titled Tuesday Blitz July 18 Early 2023"]
[White "Gorovets, Andrey"]
[Black "Frolyanov, Dmitry"]
[WhiteFideId "13504037"]
[BlackFideId "4151976"]
[WhiteElo "2831"]
[BlackElo "2621"]
[Result "0-1"]
[Round "11"]
[TimeControl "180+2"]
[Date "2023.07.18"]
[WhiteClock "0:00:00"]
[BlackClock "0:00:20"]
[Board "28"]

1. Nf3 d5 2. d4 Nf6 3. c4 e6 4. g3 dxc4 5. Bg2 Nc6 6. O-O Rb8 7. e3 b5 8. b3 cxb3 9. axb3 Bb7 10. Bb2 Be7 11. Qe2 a6 12. Rc1 O-O 13. Ne1 Nb4 14. Bxb7 Rxb7 15. Na3 Qd5 16. Nac2 Qxb3 17. Nxb4 Bxb4 18. Nd3 a5 19. Rab1 Qd5 20. Nxb4 axb4 21. Rc5 Qe4 22. Rbc1 Nd5 23. Re1 Ra7 24. f3 Qg6 25. e4 Nf4 26. Qd2 Ra2 27. Ra1 Rxa1+ 28. Bxa1 Ra8 29. Bb2 Ra2 30. Rxc7 h5 31. Qxb4 Qg5 32. Rc8+ Kh7 33. Qb3 Nh3+ 34. Kf1 Qd2 35. Rc2 Qd1+ 36. Kg2 Ng5 37. Rf2 Qxb3 0-1


[Site "https://www.chess.com"]

[Event "Titled Tuesday Blitz July 18 Early 2023"]
[White "musclemonster12"]
[Black "Morefield, Jason"]
[BlackFideId "30920825"]
[WhiteElo "2591"]
[BlackElo "2765"]
[Result "1/2-1/2"]
[Round "11"]
[TimeControl "180+2"]
[Date "2023.07.18"]
[WhiteClock "0:01:02"]
[BlackClock "0:00:59"]
[Board "29"]

1. c4 e5 2. Nc3 Bb4 3. Nf3 Bxc3 4. dxc3 d6 5. e4 Nf6 6. Bd3 O-O 7. O-O Nbd7 8. Bc2 Nc5 9. h3 Ncxe4 10. Re1 Nc5 11. b4 Ne6 12. a4 a5 13. Be3 b6 14. Qd2 Bb7 15. Ng5 Nxg5 16. Bxg5 h6 17. Be3 Qe7 18. Bxh6 gxh6 19. Qxh6 Ne4 20. Bxe4 Bxe4 21. Rxe4 f5 22. Rh4 Qg7 23. Qe6+ Qf7 24. Qh6 Qg7 25. Qe6+ Qf7 26. Qh6 Qg7 1/2-1/2


[Site "https://www.chess.com"]

[Event "Titled Tuesday Blitz July 18 Early 2023"]
[White "Moskvin, Anatoly"]
[Black "Weetik, Vjacheslav"]
[WhiteFideId "24199990"]
[BlackFideId "4153472"]
[WhiteElo "2584"]
[BlackElo "2758"]
[Result "1-0"]
[Round "11"]
[TimeControl "180+2"]
[Date "2023.07.18"]
[WhiteClock "0:00:04"]
[BlackClock "0:00:00"]
[Board "30"]

1. e4 c6 2. c4 e5 3. Nc3 d6 4. g3 g6 5. Bg2 Bg7 6. Nge2 Nd7 7. O-O Ngf6 8. h3 O-O 9. d3 a6 10. f4 b5 11. Be3 exf4 12. gxf4 Nh5 13. Qd2 Bb7 14. Rae1 Qc7 15. b3 b4 16. Nd1 f5 17. exf5 Rxf5 18. Qxb4 Re8 19. Qd2 c5 20. Bxb7 Qxb7 21. d4 Ndf6 22. d5 Ne4 23. Qd3 Qd7 24. Kg2 Nhf6 25. Ndc3 Rh5 26. Bc1 h6 27. Nxe4 Nxe4 28. Rh1 Kh7 29. Ng3 Nxg3 30. Qxg3 Bf6 31. Rxe8 Qxe8 32. Re1 Qf7 33. Re6 Rf5 34. Rxd6 Bd4 35. Re6 a5 36. Be3 Bg7 37. Qh4 a4 38. Re7 Qf8 39. Re6 Bf6 40. Qg3 axb3 41. axb3 Qa8 42. Qf2 Qa3 43. Bxc5 Qxb3 44. Be7 Bg7 45. d6 Qxc4 46. Qe2 Rxf4 47. Qxc4 Rxc4 48. d7 Rc2+ 49. Kf3 Rc3+ 50. Re3 Rc7 51. d8=Q 1-0


[Site "https://www.chess.com"]

[Event "Titled Tuesday Blitz July 18 Early 2023"]
[White "Schmakel, Sam"]
[Black "NovoselovRoman"]
[WhiteFideId "2039311"]
[WhiteElo "2756"]
[BlackElo "2598"]
[Result "1-0"]
[Round "11"]
[TimeControl "180+2"]
[Date "2023.07.18"]
[WhiteClock "0:00:05"]
[BlackClock "0:00:00"]
[Board "31"]

1. Nf3 Nf6 2. g3 c6 3. Bg2 d5 4. b3 h5 5. Bb2 Bg4 6. h3 Bxf3 7. Bxf3 h4 8. g4 Nbd7 9. d3 e5 10. Nd2 Bc5 11. e3 a5 12. a3 Qb6 13. Qe2 O-O-O 14. O-O-O Rhe8 15. Bg2 a4 16. b4 Bd6 17. c4 Bxb4 18. axb4 Qxb4 19. Nb1 Nc5 20. Ba3 Nb3+ 21. Kb2 Qa5 22. Nc3 b5 23. cxb5 cxb5 24. Na2 Kb8 25. Bb4 Qa6 26. Nc1 Na5 27. Qd2 Nc6 28. Na2 Kb7 29. Rc1 a3+ 30. Bxa3 Ra8 31. Qc3 Rec8 32. Nb4 Qb6 33. Nxc6 Rxc6 34. Qxc6+ Qxc6 35. Rxc6 Kxc6 36. Rc1+ Kb6 37. g5 Nd7 38. Bxd5 Rd8 39. Bxf7 Ka5 40. Be7 1-0


[Site "https://www.chess.com"]

[Event "Titled Tuesday Blitz July 18 Early 2023"]
[White "Hajiyev, Kanan"]
[Black "Dehtiarov, Roman"]
[WhiteFideId "13404148"]
[BlackFideId "14186640"]
[WhiteElo "2578"]
[BlackElo "2732"]
[Result "0-1"]
[Round "11"]
[TimeControl "180+2"]
[Date "2023.07.18"]
[WhiteClock "0:00:33"]
[BlackClock "0:00:12"]
[Board "32"]

1. d4 Nf6 2. Nf3 e6 3. c4 b6 4. g3 Ba6 5. Qc2 c5 6. Bg2 Bb7 7. O-O cxd4 8. Nxd4 Bxg2 9. Kxg2 Qc8 10. Rd1 Be7 11. b3 Qb7+ 12. f3 O-O 13. Ba3 d5 14. Bxe7 Qxe7 15. cxd5 Nxd5 16. Qd2 Rd8 17. Nc3 h6 18. e4 Nxc3 19. Qxc3 Na6 20. Nc6 Qc7 21. Rxd8+ Rxd8 22. Rc1 Rd6 23. b4 Qd7 24. Rc2 f6 25. e5 Rd3 26. Qc4 Rd2+ 27. Kh3 Rxc2 28. Qxc2 fxe5 29. Nxe5 Qc7 30. Qe4 Nxb4 31. Ng6 Qf7 32. Nf4 Qf5+ 33. g4 Qxe4 34. fxe4 Kf7 35. a3 Nc2 36. a4 Ne3 37. Nd3 Nc4 38. Nb4 Ne5 39. Kg3 Ke7 40. Kf4 Kd6 41. h4 a5 42. Na2 Nd3+ 43. Ke3 Nc5 44. g5 hxg5 45. hxg5 e5 46. Nc3 Kc6 47. g6 Kd6 48. Nd5 Nxa4 49. Kd3 Nc5+ 50. Ke3 b5 51. Nc3 b4 52. Nb5+ Ke6 53. Nc7+ Kf6 54. Nd5+ Kxg6 55. Nb6 b3 56. Nc4 a4 57. Nxe5+ Kh7 58. Nc4 g5 59. Kd4 g4 60. Kxc5 g3 61. e5 g2 62. e6 g1=Q+ 63. Kd6 Qd4+ 64. Ke7 Qxc4 65. Kf8 Qf4+ 66. Ke7 Kg7 67. Kd7 b2 68. e7 Qe5 69. e8=Q Qxe8+ 70. Kxe8 b1=Q 71. Ke7 a3 72. Kd6 a2 73. Kd7 a1=Q 74. Ke6 Qe4+ 75. Kd6 Qad4+ 76. Kc7 Qc2+ 77. Kb8 Qdb2+ 78. Ka7 Qa4# 0-1


[Site "https://www.chess.com"]

[Event "Titled Tuesday Blitz July 18 Early 2023"]
[White "Jimenez Almeida, Luis David"]
[Black "Ashraf, Artin"]
[WhiteFideId "22242244"]
[BlackFideId "22514805"]
[WhiteElo "2563"]
[BlackElo "2729"]
[Result "1/2-1/2"]
[Round "11"]
[TimeControl "180+2"]
[Date "2023.07.18"]
[WhiteClock "0:00:06"]
[BlackClock "0:00:58"]
[Board "33"]

1. e4 c5 2. Nc3 d6 3. Nge2 Nf6 4. d4 cxd4 5. Nxd4 a6 6. Bg5 Nbd7 7. f4 h6 8. Bh4 g5 9. fxg5 hxg5 10. Bxg5 Qb6 11. Qd2 Qxb2 12. Rb1 Qa3 13. Bc4 Qc5 14. Bb3 Rg8 15. Be3 Qe5 16. Nf3 Qh5 17. Nd5 Nxe4 18. Qa5 Ndc5 19. Ba4+ b5 20. Bxb5+ axb5 21. Qxa8 Qf5 22. O-O Qg4 23. g3 Nxg3 24. Nc7+ Kd7 25. Ne5+ dxe5 26. Qd5+ Kxc7 27. Qxc5+ Kd8 28. Rbd1+ Ke8 29. Qxb5+ Bd7 30. Qb8+ Bc8 31. Qb5+ Bd7 32. Qb8+ Bc8 33. Qb5+ 1/2-1/2


[Site "https://www.chess.com"]